AoeStats
← [ KOF ] M. Kowalski

Nomad

507787283Analyzed
2v2 RM · 11d ago on Sep 19, 2026· 18m 58s· 4 players
Game mode
Random Map
Map size
176×176
Population
200
Speed
Normal
Resources
Standard
Victory
Conquest
Starting age
Dark Age
Ending age
Imperial Age
RankedLock teamsTeams togetherTeam positionsShared explorationLock speedFull tech treeHidden civsTurbo modeCheats
Victory
Defeat
🇲🇽 Lithuanians · Mexico
1421
+13
🇦🇷 Maya · Argentina
1344
+17
🇸🇪 Malay · Sweden
1366
-15
🇸🇪 Tupi · Sweden
1353
-15
den svarte mannen
6:52 Loom
14:24 Feudal Age
19:00 Castle Age
Den gröne mannen
4:36 Loom
13:35 Feudal Age
13:15 Double-Bit Axe
20:11 Castle Age
18:09 Horse Collar
~KOF~Legonas
10:00 Loom
12:11 Feudal Age
18:06 Castle Age
17:41 Gold Mining
18:15 Double-Bit Axe
[ KOF ] M. Kowalski
3:05 Loom
13:15 Feudal Age
15:56 Double-Bit Axe
16:42 Fletching
Connection lost

Rejoining the realm…

Still unreachable

The connection could not be restored.

Session expired

The server has moved on; the page needs a fresh start.